Map: Blueshift LE

Players

NooooooooUse

  • Race: Terran Terran
  • League: Diamond
  • Spawn Location: 1:00

Sugar - Winner!

  • Race: Terran Terran
  • Spawn Location: 7:00

Event: Cheeseadelphia 8

VOD

Have the link to the VOD?

Description

Time

  • Played on: Dec. 8, 2018, 10:53 a.m.
  • Length: 4:46

All games in this series

Show
View Real Time Build Order
Export as new Build Order

NooooooooUse Terran 

Build Orders:  

Get SALT Encoding   

  12  0:00  SCV  
  13  0:12  SCV  
  14  0:18  Supply Depot  
  14  0:24  SCV  
  15  0:40  SCV  
  16  0:44  Barracks  
  16  0:51  Refinery  
  17  1:00  Barracks  
  16  1:04  SCV  
  17  1:16  SCV  
  18  1:28  SCV  
  19  1:35  Reaper  
  20  1:54  Bunker  
  20  1:58  Reaper  
  21  2:07  SCV  
  21  2:19  Reaper  
  21  2:21  SCV  
  23  2:26  Refinery  
  23  2:29  Supply Depot  
  23  2:47  SCV  
  23  2:50  Reaper  
  24  2:52  Reaper  
  24  2:59  SCV  
  25  3:05  Command Center  
  25  3:11  SCV  
  25  3:24  Orbital Command  
  25  3:26  Factory  
  25  3:46  Supply Depot  
  25  3:50  SCV  
  25  3:52  Bunker  
  26  4:02  SCV  
  27  4:12  Factory Tech Lab  
  27  4:13  Starport  
  27  4:14  SCV  
Show
View Real Time Build Order
Export as new Build Order

Sugar Terran - Winner!

Build Orders: Liberator Opening 

Get SALT Encoding   

  12  0:00  SCV  
  13  0:12  SCV  
  14  0:21  Supply Depot  
  14  0:25  SCV  
  15  0:31  Refinery  
  16  0:42  SCV  
  16  0:47  Barracks  
  16  0:54  SCV  
  17  1:07  SCV  
  18  1:19  SCV  
  19  1:33  Orbital Command  
  19  1:34  Reaper  
  20  1:48  Refinery  
  20  1:49  Supply Depot  
  20  1:55  Factory  
  20  1:58  SCV  
  21  2:11  SCV  
  21  2:12  Reaper  
  23  2:25  SCV  
  24  2:37  SCV  
  24  2:38  Supply Depot  
  25  2:49  SCV  
  25  2:50  Hellion, Starport  
  28  3:01  Reaper, SCV  
  28  3:05  Supply Depot  
  30  3:10  Liberator  
  30  3:12  Hellion  
  32  3:13  SCV  
  33  3:30  Command Center  
  33  3:33  SCV  
  37  3:35  Barracks Reactor  
  39  3:41  Hellion  
  39  3:51  Supply Depot  
  39  4:00  Barracks  
  39  4:02  Barracks  
  39  4:05  Factory Tech Lab  
  39  4:07  SCV  
  39  4:21  Supply Depot, Marine x2  
  39  4:22  Starport Tech Lab  
Tags
 
Add a new tag
Caveats
  • Supply blocks, unpowered buildings, or Contaminate may cause inaccurate times.
  • Supply counts are checked every 10 seconds.